 Dungeon Crawl Stone Soup version 0.17-a0-1421-g95311d7 (webtiles) character file.

5384 patman the Slicer (level 10, -2/56 HPs)
             Began as a Vine Stalker Assassin on June 24, 2015.
             Was a Believer of Ru.
             Slain by a yak (10 damage)
             ... on level 10 of the Dungeon.
             The game lasted 00:21:14 (5041 turns).

patman the Slicer (Vine Stalker Assassin)           Turns: 5041, Time: 00:21:14

Health: -2/56      AC:  5    Str: 19    XL:     10   Next: 66%
Magic:  0/11       EV: 18    Int: 11    God:    Ru [**....]
Gold:   12         SH:  0    Dex: 19    Spells: 0 memorised, 9 levels left

rFire  . . .     SeeInvis .     a - +2 rapier (vamp)
rCold  . . .     Clarity  .     c - +0 robe
rNeg   . . .     SustAt   .     (no shield)
rPois  .         Gourm    .     t - +0 helmet
rElec  .         Spirit   +     d - +0 cloak
rCorr  .         Warding  .     (no gloves)
rMut   .         Stasis   .     x - +0 pair of boots
MR     +....                    (no amulet)
Stlth  +++.......               (no ring)
                                o - +5 ring of strength

@: no potions, somewhat resistant to hostile enchantments, fairly stealthy
A: fangs 3, regeneration 2, magic shield, antimagic bite, no device heal 3, rot
immunity, inability to drink while threatened, no charms magic, no earth magic,
no hexes magic
a: Renounce Religion


You were on level 10 of the Dungeon.
You worshipped Ru.
Ru was pleased with you.
You were hungry.

You visited 2 branches of the dungeon, and saw 11 of its levels.

You collected 324 gold pieces.
You spent 312 gold pieces at shops.

Inventory:

Hand weapons
 a - a +2 vampiric rapier (weapon)
 b - a +0 blowgun
 j - a +2 dagger
 l - a +0 short sword
 q - a +3 whip of holy wrath
 A - a +0 rapier
Missiles
 e - 48 poisoned needles
 f - 2 curare-tipped needles
 i - 5 needles of paralysis
 D - a throwing net (quivered)
Armour
 c - a +0 robe (worn)
 d - a +0 cloak (worn)
 t - a +0 helmet (worn)
 x - a +0 pair of boots (worn)
Jewellery
 o - a +5 ring of strength (left hand)
 v - an uncursed ring of ice
 I - an uncursed ring of loudness
Magical devices
 y - a wand of paralysis (11)
 G - a wand of lightning (0)
Scrolls
 h - a scroll of fog {unknown}
 n - a scroll of amnesia {unknown}
 p - 2 scrolls of teleportation {unknown}
 r - a scroll of identify
 s - 2 scrolls of fear {unknown}
 u - 2 scrolls of recharging
 w - a scroll of noise {unknown}
 C - a scroll of magic mapping {unknown}
 H - a scroll of acquirement {unknown}
 L - a scroll of remove curse
Potions
 k - 3 potions of cancellation
 m - 2 potions of lignification
 z - 2 potions of brilliance
 B - a potion of might {unknown}
 E - a potion of degeneration {unknown}
 J - 2 potions of curing {unknown}
Books
 F - a Young Poisoner's Handbook

   Spells                             Type                      Level
   a - Sting                          Conjuration/Poison           1
   b - Cure Poison                    Poison                       2
   c - Mephitic Cloud                 Conjuration/Poison/Air       3
   d - Olgreb's Toxic Radiance        Poison                       4
   e - Venom Bolt                     Conjuration/Poison           5
 K - a Grand Grimoire

   Spells                             Type                      Level
   a - Monstrous Menagerie            Summoning                    6
   b - Summon Greater Demon           Summoning                    7
   c - Malign Gateway                 Summoning/Translocation      7
   d - Summon Horrible Things         Summoning                    8
Comestibles
 g - a bread ration


   Skills:
 * Level 8.1 Fighting
 - Level 8.9 Short Blades
 - Level 1.7 Throwing
 * Level 7.3 Dodging
 - Level 4.8 Stealth


You had 9 spell levels left.
You didn't know any spells.

Dungeon Overview and Level Annotations

Branches:
Dungeon (10/15)            Temple (1/1) D:4            Lair (0/8) D:10
    Orc: D:9-12

Altars:
Ashenzari
Cheibriados
Dithmenos
Elyvilon
Fedhas
Gozag
Makhleb
Nemelex Xobeh
Ru
Sif Muna
Trog
Vehumet
Xom
Yredelemnul
The Shining One

Shops:
D:6 (

Annotations:
D:4 Menkaure


Innate Abilities, Weirdness & Mutations

You have razor-sharp teeth.
You heal very quickly.
When hurt, damage is shared between your health and your magic reserves.
Your bite disrupts and absorbs the magic of your enemies.
Potions and wands cannot restore your health.
You are immune to rotting.
You cannot drink potions while threatened.
You cannot study or cast Charms magic.
You cannot study or cast Earth magic.
You cannot study or cast Hexes magic.


Message History

You hit the yak.
The yak is almost dead.
The centaur hits the plant!
The yak closely misses you.
The centaur hits the plant.
Unknown command.
You hit the yak.
You kill the yak!
The centaur hits the plant but does no damage.
The yak gores you!
* * * LOW HITPOINT WARNING * * *
Unknown command.
The centaur hits the plant.
The yak closely misses you.
Unknown command.
The centaur hits the fungus.
Something bites the fungus but does no damage.
The yak gores the plant.
The centaur hits the fungus!
You see here a robe.
You hit the yak but do no damage. You bite the yak, but do no damage.
Something bites the fungus.
The centaur hits the fungus!
The yak gores you!
You die... .PrP.PP.PP..........# .....PP..PP.PP.......#.# .P..PPPP.PP.P.P.P††..#.. .P.P.PPPPc.P..PP..†..##.
P.PPP.P.PPP.P.PPPP...##. .PPPPP.P.PP...PPP....### ..PPP.PPP>.P..P......# # P.PP....PPPr.PP.P.)..# # ...PPP.@PPY.P..P.P...### ..P.PPPPYYYPP.P.PP......

P.P..P.PPYPP.P..PP....##
##.P..PPPPP.P...........
###.P....P....##....<#.
###..P...P####.....##
###.##### #.....+ #.#
#.....# #.# #......


You could see 5 yaks, a centaur and a rat.

Vanquished Creatures
  3 hungry ghosts
  6 yaks (D:10)
  3 ice beasts
  A water moccasin (D:7)
  2 sky beasts
  3 phantoms
  3 orc warriors
  4 ogres
  3 black bears
  5 centaurs
  2 giant frogs (D:7)
  4 scorpions
  6 killer bees (D:9)
  2 centaur zombies
  2 crimson imps
  A jelly (D:7)
  2 orc priests
  3 hounds
  A centaur skeleton (D:7)
  A giant frog skeleton (D:10)
  4 orc wizards
  A killer bee zombie (D:6)
  5 worker ants
  4 iguanas
  6 ogre zombies (D:10)
  Robin (D:3)
  4 gnolls
  6 adders
  An ooze (D:1)
  An adder zombie (D:7)
  4 giant geckos
  18 orcs
  2 ball pythons
  13 bats
  13 goblins
  12 hobgoblins
  15 jackals
  10 kobolds
  5 quokkas
  A ball python zombie (D:6)
  A giant cockroach (D:8)
  5 giant newts
  A hobgoblin skeleton (D:10)
  4 hobgoblin zombies (D:10)
  5 orc skeletons (D:10)
  9 orc zombies (D:10)
  10 rats
  2 fungi (D:10)
220 creatures vanquished.

Vanquished Creatures (others)
  A hill giant zombie (D:10)
  A fungus (D:10)
  2 plants (D:10)
4 creatures vanquished.

Grand Total: 224 creatures vanquished

Notes
Turn   | Place    | Note
--------------------------------------------------------------
     0 | D:1      | patman the Vine Stalker Assassin began the quest for the Orb.
     0 | D:1      | Reached XP level 1. HP: 11/11 MP: 2/2
    64 | D:1      | Reached XP level 2. HP: 15/15 MP: 3/3
    97 | D:1      | Found a shattered altar of Ashenzari.
   130 | D:1      | Reached XP level 3. HP: 18/18 MP: 4/4
   224 | D:1      | Reached skill level 1 in Dodging
   389 | D:3      | Noticed Robin
   416 | D:3      | Killed Robin
   416 | D:3      | Reached XP level 4. HP: 17/23 MP: 5/5
   508 | D:3      | Found a deep blue altar of Sif Muna.
   678 | D:4      | Noticed Menkaure
   748 | D:4      | Found a staircase to the Ecumenical Temple.
   770 | D:5      | Entered Level 5 of the Dungeon
   880 | D:5      | Found a white marble altar of Elyvilon.
   913 | D:5      | Noticed a centaur
   930 | D:5      | Killed a centaur
   930 | D:5      | Reached XP level 5. HP: 4/28 MP: 6/6
  1086 | D:5      | Noticed a sky beast
  1113 | D:5      | Killed a sky beast
  1113 | D:5      | Gained mutation: You heal very quickly. [Vine Stalker growth]
  1113 | D:5      | Reached XP level 6. HP: 9/33 MP: 4/7
  1145 | D:5      | Noticed a centaur
  1170 | D:5      | Killed a centaur
  1237 | D:4      | Reached XP level 7. HP: 30/38 MP: 4/8
  1243 | Temple   | Entered the Ecumenical Temple
  1270 | Temple   | Became a worshipper of Ru the Awakened
  1303 | D:5      | Noticed a water moccasin
  1619 | D:6      | Reached skill level 5 in Fighting
  1745 | D:6      | Gained mutation: You have razor-sharp teeth. [Vine Stalker growth]
  1745 | D:6      | Reached XP level 8. HP: 44/44 MP: 9/9
  1774 | D:6      | Reached skill level 5 in Dodging
  1827 | D:6      | Reached skill level 6 in Fighting
  1844 | D:6      | Found Firir's Weapon Shop.
  2099 | D:6      | Found a blossoming altar of Fedhas.
  2342 | D:7      | Gained mutation: You cannot drink potions while threatened. [Ru sacrifice]
  2342 | D:7      | Acquired Ru's first power
  2436 | D:7      | Reached skill level 5 in Short Blades
  2657 | D:7      | Reached XP level 9. HP: 18/48 MP: 3/10
  2856 | D:7      | Reached skill level 7 in Short Blades
  3234 | D:8      | Found an opulent altar of Gozag.
  3262 | D:8      | Found a burning altar of Makhleb.
  3341 | D:9      | Reached skill level 8 in Short Blades
  3917 | D:10     | Entered Level 10 of the Dungeon
  4230 | D:6      | Bought a +2 vampiric rapier for 312 gold pieces
  4297 | D:8      | Found a bloodstained altar of Trog.
  4310 | D:8      | Reached XP level 10. HP: 42/53 MP: 7/11
  4556 | D:10     | Noticed a centaur zombie
  4687 | D:10     | Gained mutation: You cannot study or cast Earth magic. [Ru sacrifice]
  4687 | D:10     | Gained mutation: You cannot study or cast Hexes magic. [Ru sacrifice]
  4687 | D:10     | Gained mutation: You cannot study or cast Charms magic. [Ru sacrifice]
  4687 | D:10     | Acquired Ru's second power
  4794 | D:10     | Killed a centaur zombie
  4962 | D:10     | Found a staircase to the Lair.
  5041 | D:10     | Slain by a yak

Vault maps used:
D:1:      matt_arrival_refuge, grunt_decor_clamped, evilmike_ruin_ashenzari
D:2:      roderic_malta_cross
D:3:      lemuel_doored_altar, uniq_robin
D:4:      zin_treasury, minmay_temple_entry_from_below_a, portal_sewer_entry_a,
          uniq_edmund, uniq_menkaure
D:5:      lemuel_round_altar, okawaru_metal_pillars_3,
          nicolae_overflow_crystal_walls, first_bread
D:6:      serial_shops, shop, basic_altar, serial_bayou_pond_e
D:8:      minmay_tri_box, grunt_gozag_breadcrumbs, trog_ov_bears_minmay,
          bloody_makhleb
D:10:     due_lair_maze_entry_diamond, zombieorc2_lemuel
Temple:   circular_temple_12

Action                   |  1- 3 |  4- 6 |  7- 9 | 10-12 || total
-------------------------+-------+-------+-------+-------++-------
Melee: Dagger            |    64 |   100 |   225 |       ||   389
       Rapier            |       |       |   163 |   266 ||   429
 Fire: Blowgun           |     9 |     2 |    27 |       ||    38
Invok: Sacrifice Drink   |       |       |     1 |       ||     1
       Sacrifice Arcana  |       |       |       |     1 ||     1
Evoke: Wand              |       |       |     4 |       ||     4
  Use: Scroll            |       |     2 |     5 |       ||     7
 Stab: Sleeping          |     5 |    10 |    17 |       ||    32
       Paralysed         |       |       |     3 |       ||     3
       Distracted        |       |       |     3 |     1 ||     4
       Invisible         |       |       |       |     1 ||     1
  Eat: Chunk             |       |     1 |    10 |       ||    11
       Meat ration       |       |       |     1 |       ||     1
       Bread ration      |       |       |     1 |       ||     1
